 Dungeon Crawl Stone Soup version 0.30-a0-718-geaa24f58ff (webtiles) character file.

Game seed: 13158575763933252361

883 rageheart7 the Trooper (level 7, 0/63 HPs)
             Began as a Pale Draconian Wanderer on Jan 25, 2023.
             Was a Follower of Uskayaw.
             Slain by an ice beast (12 damage)
             ... on level 5 of the Dungeon.
             The game lasted 00:13:38 (5537 turns).

rageheart7 the Trooper (Pale Draconian Wanderer)    Turns: 5537, Time: 00:13:39

Health: 0/63       AC:  9    Str: 14    XL:     7   Next: 76%
Magic:  23/23      EV: 11    Int: 15    God:    Uskayaw [*.....]
Gold:   234        SH:  0    Dex: 16    Spells: 9/15 levels left

rFire   . . .      SeeInvis .    g - +4 quarterstaff (flame)
rCold   . . .      Faith    .    (shield currently unavailable)
rNeg    . . .      Spirit   .    (body armour unavailable)
rPois   .          Reflect  .    (helmet restricted)
rElec   .          Harm     .    t - +0 cloak
rCorr   .          Rampage  .    k - +1 pair of gloves
Will    .....                    (no boots)
Stlth   ++                       (no amulet)
HPRegen 0.30/turn                e - ring of magical power
MPRegen 0.18/turn                m - +6 ring of dexterity

@: no status effects
A: breathe steam, AC +6, unfitting armour, cold-blooded, steam resistance
a: Breathe Steam, Renounce Religion, Stomp


You were on level 5 of the Dungeon.
You worshipped Uskayaw.
Uskayaw was noncommittal.
You visited 2 branches of the dungeon, and saw 6 of its levels.

You collected 234 gold pieces.

Inventory:

Hand Weapons
 g - a +4 quarterstaff of flaming (weapon)
Armour
 k - a +1 pair of gloves (worn)
 t - a +0 cloak (worn)
Jewellery
 e - a ring of magical power (left hand)
 l - a ring of willpower
 m - a +6 ring of dexterity (right hand)
Wands
 u - a wand of flame (23)
Scrolls
 b - 4 scrolls of teleportation
 d - a scroll of enchant weapon {unknown}
 p - 2 scrolls of brand weapon
 s - a scroll of enchant armour
Potions
 a - a potion of attraction
 c - a potion of berserk rage
 f - a potion of brilliance
 h - 2 potions of might
 i - 2 potions of haste
 j - a potion of invisibility
 n - a potion of curing
 o - a potion of flight {unknown}
 q - a potion of mutation {unknown}
 r - 2 potions of heal wounds {unknown}


   Skills:
 * Level 6.1 Fighting
 - Level 1.0 Throwing
 - Level 1.0 Stealth
 * Level 4.8 Spellcasting
 - Level 3.0 Translocations
 * Level 4.5 Transmutations
 - Level 2.0 Ice Magic


You had 9 spell levels left.
You knew the following spells:

 Your Spells              Type           Power      Damage    Failure   Level
b - Beastly Appendage     Tmut           34%        N/A       2%          1
c - Wereblood             Tmut           17%        N/A       4%          2
d - Spider Form           Tmut/Pois      10%        N/A       21%         3

Your spell library contained the following spells:

 Spells                   Type           Power      Damage    Failure   Level
 Freeze                   Ice            36%        1d5       8%          1
 Blink                    Tloc           24%        N/A       8%          2
 Momentum Strike          Conj/Tloc      16%        3d8       14%         2
 Ensorcelled Hibernation  Hex/Ice        12%        N/A       17%         2
 Frozen Ramparts          Ice            18%        1d3       22%         3


Dungeon Overview and Level Annotations

Branches:
Dungeon (5/15)             Temple (1/1) D:4

Altars:
Ashenzari
Cheibriados
Dithmenos
Elyvilon
Fedhas
Gozag
Hepliaklqana
Makhleb
Nemelex Xobeh
Okawaru
Sif Muna
Trog
Uskayaw
Wu Jian
Xom
Yredelemnul
Zin

Shops:
D:2 =

Annotations:
D:3 2 transporters, IdlyInterested's ghost, amateur DsGl


Innate Abilities, Weirdness & Mutations

You can breathe blasts of scalding, opaque steam.
Your pale cyan-grey scales are hard. (AC +6)
You cannot fit into any form of body armour.
You are cold-blooded and may be slowed by cold attacks.
You are immune to the effects of steam.


Message History

You hit the ice beast but do no damage.
You feel sick. The ice beast hits you. The ice beast freezes you!
You hit the ice beast.
The ice beast is lightly wounded.
You feel sick.
You are no longer poisoned.
The ice beast hits you. The ice beast freezes you!
You are too injured to fight recklessly!
You are too injured to fight recklessly!
You are too injured to fight recklessly!
You hit the ice beast.
The ice beast is lightly wounded.
The ice beast closely misses you.
You hit the ice beast but do no damage.
The ice beast is poisoned.
The ice beast is lightly wounded.
The ice beast hits you but does no damage.
You hit the ice beast but do no damage.
The ice beast looks even sicker.
The ice beast is moderately wounded.
The ice beast barely misses you.
You hit the ice beast but do no damage.
The ice beast is lightly wounded.
The ice beast hits you. The ice beast freezes you!
* * * LOW HITPOINT WARNING * * *
Your transformation has ended.
Your +4 quarterstaff of flaming unmelds from your body.
Your +0 cloak unmelds from your body.
Your +1 pair of gloves unmelds from your body.
Your +4 quarterstaff of flaming bursts into flame!
You barely miss the ice beast.
The ice beast is moderately wounded.
The ice beast hits you but does no damage.
You hit the ice beast.
You melt the ice beast.
The ice beast is moderately wounded.
The ice beast closely misses you.
You barely miss the ice beast. You tail-slap the ice beast.
The ice beast is heavily wounded.
The ice beast hits you.
* * * LOW HITPOINT WARNING * * *
The ice beast freezes you!
You die...

#.# #.#.....# #.#
####.#####.### #.#
###....# #...# #..
##.^.##.#####.#.###
...
..............[...#
.#.......#.....[.##
.....#......#.....#
..#.....#.....#...#
#....#..@Y#....#..#
.#...#...#(..#...##
.#. #..#..#..#...
.# #.#.#.#.#.#.##
## .# h## #. ## ##
### ### ###


You could see an ice beast (very poisoned).

Vanquished Creatures
  Sigmund (D:5)
  A phantom (D:5)
  Blork the orc (D:4)
  A necrophage (D:4)
  2 scorpions
  Crazy Yiuf (D:3)
  An iguana (D:5)
  2 orc wizards (D:5)
  Natasha (thrice) (D:4)
  Robin (D:4)
  3 gnolls (D:5)
  7 adders
  A worm (D:2)
  4 dart slugs
  5 orcs
  8 bats
  10 endoplasms
  4 giant cockroaches
  13 goblins
  5 hobgoblins
  4 jackals (D:4)
  4 quokkas
  4 ball pythons
  4 frilled lizards
  5 kobolds
  12 rats
107 creatures vanquished.

Notes
Turn   | Place    | Note
-------+----------+-------------------------------------------
     0 | D:1      | rageheart7 the Draconian Wanderer began the quest for the
                  | Orb.
     0 | D:1      | rageheart7 set off with the following items: a +0 club, 2
                  | scrolls of teleportation; and the following spell
                  | memorised: Freeze; and the following spells available to
                  | memorise: Blink, Momentum Strike, Ensorcelled Hibernation,
                  | Frozen Ramparts.
     0 | D:1      | Reached XP level 1. HP: 17/17 MP: 2/2
   175 | D:1      | Reached XP level 2. HP: 24/25 MP: 0/4
   409 | D:1      | Reached skill level 3 in Fighting
   586 | D:1      | Learned a level 1 spell: Beastly Appendage
  1136 | D:2      | Reached XP level 3. HP: 31/31 MP: 6/6
  1257 | D:2      | Found Fesunoj's Jewellery Shop.
  1629 | D:2      | Found an opulent altar of Gozag.
  2146 | D:2      | Learned a level 2 spell: Wereblood
  2186 | D:3      | Reached skill level 1 in Transmutations
  2186 | D:3      | Reached XP level 4. HP: 39/39 MP: 7/7
  2236 | D:3      | Found an ornate altar of the Wu Jian Council.
  2345 | D:3      | Found a shimmering blue altar of Sif Muna.
  2401 | D:3      | Found a runed translucent door.
  2402 | D:3      | Noticed Crazy Yiuf
  2409 | D:3      | Killed Crazy Yiuf
  2412 | D:3      | Identified the +0 hammer "Ecayg" {flame, rF++}
  2762 | D:3      | Found a transporter.
  2762 | D:3      | Found a transporter.
  2762 | D:3      | Noticed IdlyInterested's ghost (amateur DsGl)
  2762 | D:3      | Noticed an ogre
  2763 | D:3      | Noticed an ogre
  3357 | D:4      | Noticed a necrophage
  3363 | D:4      | Killed a necrophage
  3364 | D:4      | Reached skill level 4 in Fighting
  3364 | D:4      | Reached XP level 5. HP: 46/46 MP: 9/9
  3411 | D:4      | Learned a level 3 spell: Spider Form
  3445 | D:4      | Noticed Blork the orc
  3469 | D:4      | Killed Blork the orc
  3470 | D:4      | Reached XP level 6. HP: 51/53 MP: 11/11
  3695 | D:4      | Found a staircase to the Ecumenical Temple.
  3706 | Temple   | Entered the Ecumenical Temple
  3895 | Temple   | Became a worshipper of Uskayaw the Reveller
  4017 | D:4      | Noticed Robin
  4020 | D:4      | Reached * piety under Uskayaw
  4027 | D:4      | Noticed Natasha
  4031 | D:4      | Reached ** piety under Uskayaw
  4036 | D:4      | Killed Robin
  4036 | D:4      | Reached *** piety under Uskayaw
  4037 | D:4      | Killed Natasha
  4037 | D:4      | Reached **** piety under Uskayaw
  4038 | D:4      | Reached skill level 5 in Fighting
  4223 | D:4      | Noticed Natasha
  4233 | D:4      | Killed Natasha
  4625 | D:4      | Noticed Natasha
  4637 | D:4      | Killed Natasha
  4687 | D:5      | Entered Level 5 of the Dungeon
  4693 | D:5      | Your scales start taking on a pale cyan-grey colour.
  4693 | D:5      | Reached XP level 7. HP: 60/61 MP: 13/13
  4693 | D:5      | Gained mutation: You are immune to the effects of steam.
                  | [Pale Draconian growth]
  4760 | D:5      | Found a glowing silver altar of Zin.
  4903 | D:5      | Found a broken altar of Ashenzari.
  4904 | D:5      | Found a shadowy altar of Dithmenos.
  4905 | D:5      | Found a sparkling altar of Nemelex Xobeh.
  4905 | D:5      | Found a blossoming altar of Fedhas.
  5283 | D:5      | Noticed Sigmund
  5299 | D:5      | Killed Sigmund
  5300 | D:5      | Reached skill level 6 in Fighting
  5537 | D:5      | Slain by an ice beast

Illustrated notes

Levels and vault maps discovered:
D:1:      sevenhm_arrival_forest_fort_large_2, layout_loops_ring, moated_statue
D:2:      layout_basic, serial_shops, shop, serial_co_window_serial,
          co_window_paths_b, co_window_paths_a, co_window_paths_b,
          co_window_corner_a, co_window_paths_b, co_window_paths_c,
          co_window_corner_b, co_window_of_opportunity_b, co_window_corner_b,
          co_window_corner_b, co_window_broadway_a, co_window_sun,
          glass_columns_a, glass_columns_a, glass_columns_a, glass_columns_c,
          basic_altar
D:3:      layout_basic, mainiacjoe_overflow_catwalk, old_standard_altar,
          gammafunk_ghost_smash, kennysheep_generic_room_2,
          uniq_crazy_yiuf_cottage
D:4:      layout_basic, minmay_temple_entry_glassed_door, interstate_on_off,
          solitary_fountain, uniq_natasha, uniq_blork_the_orc, uniq_robin
D:5:      layout_loops_ring, grunt_temple_overflow_open,
          minmay_misc_feat_rugged, minmay_increasing_density, uniq_sigmund
Temple:   nicolae_temple_bog_church

Skill      XL: |  1  2  3  4  5  6  7 |
---------------+----------------------+-----
Fighting       | 3 4 5 6 |  6.1
Spellcasting   | 2 3 4 |  4.8
Transmutations | 1 2 3 4 |  4.5
Throwing       | |  1.0
Stealth        | |  1.0
Translocations | |  3.0
Ice Magic      | |  2.0

Action                     |  1- 3 |  4- 6 |  7- 9 || total
---------------------------+-------+-------+-------++-------
  Melee: Club              |    68 |       |       ||    68
         Tailslap          |    15 |     8 |     1 ||    24
         Kick              |     7 |     8 |       ||    15
         Dagger            |    37 |    32 |       ||    69
         Headbutt          |     3 |     6 |       ||     9
         Quarterstaff      |       |    60 |    17 ||    77
         Punch             |       |     1 |       ||     1
         Unarmed           |       |    25 |    51 ||    76
   Cast: Freeze            |    15 |     1 |       ||    16
         Beastly Appendage |    10 |     7 |       ||    17
         Wereblood         |       |     2 |     2 ||     4
         Spider Form       |       |     3 |     4 ||     7
    Use: Scroll            |     4 |    13 |       ||    17
   Stab: Sleeping          |     3 |       |     2 ||     5
         Paralysed         |       |     1 |       ||     1
 Armour: Skin              |    49 |    41 |    11 ||   101
  Dodge: Dodged            |    54 |    96 |    54 ||   204

Table legend: (Time is in decaauts)
 A = Elapsed time spent in this place.
 B = Non-inter-level travel time spent in this place.
 C = Inter-level travel time spent in this place.
 D = Time resting spent in this place.
 E = Time spent auto-exploring this place.
 F = Levels seen in this place.
 G = Mean time per level.
                   A        B        C        D        E       F      G
               +--------+--------+--------+--------+--------+-----+--------+
         Total |   5592 |   5445 |    147 |    204 |   4111 |   6 |  932.0 |
       Dungeon |   5381 |   5249 |    132 |    204 |   3922 |   5 | 1076.2 |
        Temple |    210 |    195 |     15 |      0 |    188 |   1 |  210.0 |
               +--------+--------+--------+--------+--------+-----+--------+

Top non-repeatable levels by time:
     D:3: 1171 daAuts
     D:4: 1165 daAuts
     D:2: 1102 daAuts
     D:1: 1087 daAuts
     D:5: 855 daAuts
  Temple: 210 daAuts
